Little Stars vs Islander
Created - December 22, 2024 at 19:01
Goals
|
| Little Stars |
2 |
2 |
2 |
6 |
| Islander |
2 |
2 |
1 |
5 |
|
Shots
|
| Little Stars |
7 |
14 |
17 |
38 |
| Islander |
9 |
4 |
16 |
29 |
|
1st period
1. Islander , Casey Staum 1 (Filip Zadina 6, Rhett Gardner 12) at 3:28
2. Little Stars , Jonathan Dahlen 10 (Filip Chytil 6, Jason Dickinson 18) at 10:43
3. Islander , Jaden Lindo 4 (Rhett Gardner 13, Filip Zadina 7) at 11:36
4. Little Stars , Matt Luff 9 (Daniel O'regan 23, Shane Gersich 17) at 13:37
Penalties :
Lawrence Pilut (Tex) for High sticking (Minor) at 3:47, Lawrence Pilut (Tex) for Holding (Minor) at 8:35, Lawrence Pilut (Tex) for Cross-checking (Minor) at 15:15
2nd period
5. Islander , Rhett Gardner 7 (Jaden Lindo 4) at 3:57
6. Little Stars , Shane Gersich 20 (Daniel O'regan 24) at 4:33
7. Islander , Connor Dewar 4 (Filip Zadina 8, Ben Thomson 22) at 13:05 (SH)
8. Little Stars , Shane Gersich 21 (Daniel O'regan 25, Samuel Girard 19) at 13:15 (PP)
Penalties :
Lawrence Pilut (Tex) for Delaying the game (Minor) at 5:29, Alex Steeves (BRI) for Holding (Minor) at 7:46, Rhett Gardner (BRI) for Holding (Minor) at 11:56, Alexander Yelesin (BRI) for Interference (Minor) at 17:12
3rd period
9. Islander , Jakub Galvas 1 (Connor Dewar 4) at 0:47
10. Little Stars , Daniel O'regan 13 (Shane Gersich 18, Cal Burke 7) at 1:59
11. Little Stars , Tucker Poolman 3 (Jonathan Dahlen 12, Ville Pokka 9) at 8:27
Penalties :
Jason Dickinson (Tex) for Interference (Minor) at 13:58, Reece Willcox (Tex) for Tripping (Minor) at 14:21
Goalie Stats
Ilya Konovalov (Tex), 24 saves from 29 shots - (0.828), W, 2-5-0, 60:00 minutes
Ivan Fedotov (BRI), 32 saves from 38 shots - (0.842), L, 13-10-3, 59:45 minutes
Players Stats for Little Stars
Player Name G A P +/- PIM S H SB GA TA FO MP PP MP PK MP
------------------------------------------------------------------------------------
Aidan Mcdonough 0 0 0 -1 0 1 0 1 0 0 1/1 7:45 0:00 0:00
Cal Burke 0 1 1 1 0 1 0 1 0 0 0/0 9:23 0:00 0:00
Connor Mackey 0 0 0 1 0 1 0 0 0 1 0/0 11:11 0:00 0:54
Daniel O'regan 1 3 4 1 0 5 2 1 0 0 21/36 25:10 3:08 5:51
Emile Poirier 0 0 0 -1 0 1 2 1 1 0 1/1 17:18 2:09 4:03
Filip Chytil 0 1 1 1 0 0 2 0 0 0 2/5 11:10 0:00 1:41
Jason Dickinson 0 1 1 -1 2 0 1 0 0 0 12/13 16:02 2:09 2:48
Joey Anderson 0 0 0 -1 0 0 0 0 0 1 0/0 7:52 0:07 0:00
Jonathan Dahlen 1 1 2 1 0 2 2 0 0 0 0/0 10:04 0:00 0:40
Justin Auger 0 0 0 -1 0 3 1 1 0 0 0/0 13:14 2:09 0:00
Lawrence Pilut 0 0 0 1 8 0 2 2 0 1 0/0 9:53 0:00 0:00
Matt Luff 1 0 1 1 0 3 2 0 0 1 1/1 18:58 3:01 0:00
Radel Fazleev 0 0 0 -1 0 2 0 1 0 0 2/2 7:45 0:00 0:00
Reece Willcox 0 0 0 -1 2 3 2 0 2 2 0/0 26:19 3:15 4:39
Samuel Girard 0 1 1 -1 0 2 2 3 0 1 0/0 27:33 3:15 5:53
Shane Gersich 2 2 4 1 0 8 2 0 3 0 0/0 23:25 3:08 4:07
Tucker Poolman 1 0 1 0 0 3 1 0 0 1 0/0 22:22 2:02 4:15
Ville Pokka 0 1 1 0 0 3 0 0 0 1 0/0 22:36 2:02 4:44
Players Stats for Islander
Player Name G A P +/- PIM S H SB GA TA FO MP PP MP PK MP
------------------------------------------------------------------------------------
Alex Steeves 0 0 0 -1 2 1 2 0 0 0 1/5 6:59 0:00 0:00
Alexander Yelesin 0 0 0 1 2 2 0 0 0 0 0/0 20:48 3:53 1:33
Austin Watson 0 0 0 0 0 1 0 0 4 1 2/3 21:12 5:11 0:00
Ben Thomson 0 1 1 0 0 1 2 1 0 4 1/2 23:46 4:48 3:06
Casey Staum 1 0 1 0 0 1 0 0 0 0 0/0 9:13 0:00 0:00
Connor Dewar 1 1 2 1 0 2 0 0 1 0 2/3 10:25 0:49 1:08
Filip Zadina 0 3 3 1 0 3 2 1 1 0 0/0 19:22 4:50 1:21
Jaden Lindo 1 1 2 0 0 2 4 1 0 0 0/0 17:55 4:50 0:00
Jake Walman 0 0 0 -1 0 1 2 3 0 1 0/0 29:06 6:25 2:44
Jakub Galvas 1 0 1 1 0 1 0 1 0 0 0/0 21:41 3:53 2:33
Joe Labate 0 0 0 0 0 2 2 0 1 0 10/29 23:48 4:50 3:06
Noah Cates 0 0 0 0 0 2 2 0 1 0 1/1 10:14 0:37 1:09
Pavel Koltygin 0 0 0 -1 0 0 0 0 0 0 0/0 6:54 0:00 0:00
Radovan Bondra 0 0 0 -1 0 0 2 0 0 0 0/0 7:03 0:09 0:00
Rhett Gardner 1 2 3 0 2 5 2 0 0 0 2/16 18:44 4:50 0:44
Simon Benoit 0 0 0 0 0 2 0 2 1 0 0/0 10:17 0:00 1:12
Slater Koekkoek 0 0 0 -1 0 3 2 3 0 0 0/0 28:54 6:25 2:32
Steven Spinner 0 0 0 0 0 0 0 1 0 0 0/0 8:19 0:00 0:00
3 Stars
1 - Shane Gersich (Tex)
2 - Daniel O'regan (Tex)
3 - Jonathan Dahlen (Tex)
Power Play
Little Stars - 1 on 3 Attempt(s) - 33.33%
Islander - 0 on 6 Attempt(s) - 0.00%
Penalty Kill
Little Stars - 6 on 6 Attempt(s) - 100.00%
- Score 0 goal in Penalty Kill
Islander - 2 on 3 Attempt(s) - 66.67%
- Score 1 goal in Penalty Kill
Team Stat
Little Stars - Hits : 21 - Faceoff Wins : 40 - Blocked Shots : 11 - Penalty Minutes : 12
Islander - Hits : 22 - Faceoff Wins : 19 - Blocked Shots : 13 - Penalty Minutes : 6
Official
Referees : Graham Skilliter and Jean Hebert
Linesman : Tony Sericolo and Michel Cormier
Game Notes
11:36 of 1st period - Islander goal is going for a video replay. After video review, Goal.
Finance
Level 1 -- Attendance: 1690 (84.50%) -- Ticket Income $118,300
Level 2 -- Attendance: 980 (98.00%) -- Ticket Income $39,200
Total Attendance: 2670 (89.00%)
Total Ticket Income: $157,500
Other Income: $7,875
Total Income: $165,375
Little Stars
5 vs 5 Forward
Center Left Wing Right Wing Time % Phy DF OF
1 Daniel O'regan Shane Gersich Matt Luff 40 1 2 2
2 Jason Dickinson Emile Poirier Justin Auger 30 1 2 2
3 Filip Chytil Jonathan Dahlen Cal Burke 20 1 2 2
4 Radel Fazleev Aidan Mcdonough Joey Anderson 10 1 2 2
5 vs 5 Defense
Defense Defense Time % Phy DF OF
1 Reece Willcox Samuel Girard 40 1 2 2
2 Tucker Poolman Ville Pokka 30 1 2 2
3 Connor Mackey Lawrence Pilut 20 1 2 2
4 Reece Willcox Samuel Girard 10 1 2 2
PowerPlay Forward
Center Left Wing Right Wing Time % Phy DF OF
1 Daniel O'regan Shane Gersich Matt Luff 60 0 2 3
2 Jason Dickinson Emile Poirier Justin Auger 40 0 2 3
PowerPlay Defense
Defense Defense Time % Phy DF OF
1 Reece Willcox Samuel Girard 60 1 2 2
2 Tucker Poolman Ville Pokka 40 1 2 2
Penalty Kill 4 Players Forward
Center Wing Time % Phy DF OF
1 Daniel O'regan Shane Gersich 60 1 2 2
2 Jason Dickinson Emile Poirier 40 1 2 2
Penalty Kill 4 Players Defense
Defense Defense Time % Phy DF OF
1 Reece Willcox Samuel Girard 60 0 3 2
2 Tucker Poolman Ville Pokka 40 0 3 2
Penalty Kill - 3 Players Forward
Forward Time % Phy DF OF
1 Daniel O'regan 60 1 2 2
2 Jason Dickinson 40 1 2 2
Penalty Kill - 3 Players Defense
Defense Defense Time % Phy DF OF
1 Reece Willcox Samuel Girard 60 0 3 2
2 Tucker Poolman Ville Pokka 40 0 3 2
4 vs 4 Forward
Center Wing Time % Phy DF OF
1 Daniel O'regan Shane Gersich 60 0 2 3
2 Jason Dickinson Emile Poirier 40 0 2 3
4 vs 4 Defense
Defense Defense Time % Phy DF OF
1 Reece Willcox Samuel Girard 60 1 2 2
2 Tucker Poolman Ville Pokka 40 1 2 2
Last Minutes Offensive
Center Left Wing Right Wing Defense Defense
Daniel O'regan Shane Gersich Matt Luff Reece Willcox Samuel Girard
Last Minutes Defensive
Center Left Wing Right Wing Defense Defense
Daniel O'regan Shane Gersich Matt Luff Reece Willcox Samuel Girard
Goaltenders
Starting : Ilya Konovalov
Backup : Danil Tarasov
Extra Forwards
Normal : Emile Poirier, Justin Auger, Filip Chytil - PP : Emile Poirier, Justin Auger - PK : Emile Poirier
Extra Defensemen
Normal : Ville Pokka, Connor Mackey, Lawrence Pilut - PP : Ville Pokka - PK : Ville Pokka, Connor Mackey
Penalty Shots
Daniel O'regan, Matt Luff, Shane Gersich, Jason Dickinson, Emile Poirier
Custom OT Lines Forwards
Daniel O'regan, Matt Luff, Shane Gersich, Jason Dickinson, Emile Poirier, Justin Auger, Filip Chytil, Radel Fazleev, Jonathan Dahlen, Aidan Mcdonough
Custom OT Lines Defensemen
Reece Willcox, Samuel Girard, Tucker Poolman, Ville Pokka, Connor Mackey
Scratches
Jack McBain (Healthy), Jean-Christophe Beaudin (Healthy), Rudolfs Balcers (Healthy), Yakov Trenin (Healthy), Givani Smith (Healthy)
Blade Jenkins (Healthy), Bulat Shafigullin (Healthy), Victor Soderstrom (Healthy), Rhett Pitlick (Healthy), Michael Giugovaz (Healthy)
Islander
5 vs 5 Forward
Center Left Wing Right Wing Time % Phy DF OF
1 Joe Labate Ben Thomson Austin Watson 40 1 2 2
2 Rhett Gardner Filip Zadina Jaden Lindo 30 1 2 2
3 Connor Dewar Noah Cates Steven Spinner 20 1 2 2
4 Alex Steeves Pavel Koltygin Radovan Bondra 10 1 2 2
5 vs 5 Defense
Defense Defense Time % Phy DF OF
1 Slater Koekkoek Jake Walman 40 1 2 2
2 Alexander Yelesin Jakub Galvas 30 1 2 2
3 Simon Benoit Casey Staum 20 1 2 2
4 Slater Koekkoek Jake Walman 10 1 2 2
PowerPlay Forward
Center Left Wing Right Wing Time % Phy DF OF
1 Joe Labate Ben Thomson Austin Watson 60 1 2 2
2 Rhett Gardner Filip Zadina Jaden Lindo 40 1 2 2
PowerPlay Defense
Defense Defense Time % Phy DF OF
1 Slater Koekkoek Jake Walman 60 1 2 2
2 Alexander Yelesin Jakub Galvas 40 1 2 2
Penalty Kill 4 Players Forward
Center Wing Time % Phy DF OF
1 Joe Labate Ben Thomson 60 1 2 2
2 Rhett Gardner Filip Zadina 40 1 2 2
Penalty Kill 4 Players Defense
Defense Defense Time % Phy DF OF
1 Slater Koekkoek Jake Walman 60 1 2 2
2 Alexander Yelesin Jakub Galvas 40 1 2 2
Penalty Kill - 3 Players Forward
Forward Time % Phy DF OF
1 Joe Labate 60 1 2 2
2 Rhett Gardner 40 1 2 2
Penalty Kill - 3 Players Defense
Defense Defense Time % Phy DF OF
1 Slater Koekkoek Jake Walman 60 1 2 2
2 Alexander Yelesin Jakub Galvas 40 1 2 2
4 vs 4 Forward
Center Wing Time % Phy DF OF
1 Joe Labate Ben Thomson 60 1 2 2
2 Rhett Gardner Filip Zadina 40 1 2 2
4 vs 4 Defense
Defense Defense Time % Phy DF OF
1 Slater Koekkoek Jake Walman 60 1 2 2
2 Alexander Yelesin Jakub Galvas 40 1 2 2
Last Minutes Offensive
Center Left Wing Right Wing Defense Defense
Joe Labate Ben Thomson Austin Watson Slater Koekkoek Jake Walman
Last Minutes Defensive
Center Left Wing Right Wing Defense Defense
Joe Labate Ben Thomson Austin Watson Slater Koekkoek Jake Walman
Goaltenders
Starting : Ivan Fedotov
Backup : Chris Driedger
Extra Forwards
Normal : Filip Zadina, Connor Dewar, Noah Cates - PP : Filip Zadina, Connor Dewar - PK : Filip Zadina
Extra Defensemen
Normal : Jakub Galvas, Simon Benoit, Casey Staum - PP : Jakub Galvas - PK : Jakub Galvas, Simon Benoit
Penalty Shots
Austin Watson, Joe Labate, Ben Thomson, Rhett Gardner, Filip Zadina
Custom OT Lines Forwards
Austin Watson, Joe Labate, Ben Thomson, Rhett Gardner, Filip Zadina, Connor Dewar, Noah Cates, Jaden Lindo, Steven Spinner, Alex Steeves
Custom OT Lines Defensemen
Slater Koekkoek, Jake Walman, Alexander Yelesin, Jakub Galvas, Simon Benoit
Scratches
Philip Tomasino (Healthy), Oliver Kylington (Healthy), Tyrell Goulbourne (Healthy), Ross Colton (Healthy), Cole Koepke (Healthy)
Marcus Davidsson (Healthy), Jackson LaCombe (Healthy), Ronnie Attard (Healthy), Frederik Dichow (Healthy)
% Time on Ice - Little Stars
Lines # - Real PCT - Wanted PCT - Time Play
Normal Forward
1 - 35% - 40% - 15:07
2 - 26% - 30% - 11:06
3 - 22% - 20% - 9:23
4 - 18% - 10% - 7:45
Normal Defense
1 - 41% - 40% - 17:41
2 - 34% - 30% - 14:54
3 - 23% - 20% - 9:49
4 - 2% - 10% - 0:57
PP Forward
1 - 59% - 60% - 3:08
2 - 41% - 40% - 2:09
PP Defense
1 - 62% - 60% - 3:15
2 - 38% - 40% - 2:02
PK Forward
1 - 71% - 60% - 6:10
2 - 29% - 40% - 2:32
PK Defense
1 - 56% - 60% - 4:50
2 - 44% - 40% - 3:52
PK3 Forward
1 - 75% - 60% - 1:12
2 - 25% - 40% - 0:24
PK3 Defense
1 - 69% - 60% - 1:06
2 - 31% - 40% - 0:30
44 Forward
1 - 0% - 60%
2 - 0% - 40%
44 Defense
1 - 0% - 60%
2 - 0% - 40%
Last Minute Offensive - 0:00
Last Minute Defensive - 1:04
Total
Forward - 60:00
Defense - 60:00
|
% Time on Ice - Islander
Lines # - Real PCT - Wanted PCT - Time Play
Normal Forward
1 - 34% - 40% - 14:54
2 - 30% - 30% - 13:11
3 - 19% - 20% - 8:19
4 - 16% - 10% - 6:54
Normal Defense
1 - 44% - 40% - 18:54
2 - 33% - 30% - 14:18
3 - 21% - 20% - 9:05
4 - 2% - 10% - 1:01
PP Forward
1 - 53% - 60% - 5:28
2 - 47% - 40% - 4:50
PP Defense
1 - 62% - 60% - 6:25
2 - 38% - 40% - 3:53
PK Forward
1 - 80% - 60% - 4:15
2 - 20% - 40% - 1:02
PK Defense
1 - 48% - 60% - 2:32
2 - 52% - 40% - 2:45
PK3 Forward
1 - 0% - 60%
2 - 0% - 40%
PK3 Defense
1 - 0% - 60%
2 - 0% - 40%
44 Forward
1 - 0% - 60%
2 - 0% - 40%
44 Defense
1 - 0% - 60%
2 - 0% - 40%
Last Minute Offensive - 1:07
Last Minute Defensive - 0:00
Total
Forward - 60:00
Defense - 60:00
|
Play-by-Play
1st period
0:01 of 1st period - Daniel O'regan wins face-off versus Joe Labate in neutral zone.
0:48 of 1st period - Wrist shot by Daniel O'regan.
0:48 of 1st period - Stopped by Ivan Fedotov with a rebound.
1:08 of 1st period - Snap shot by Ben Thomson.
1:08 of 1st period - Shot Misses the Net.
2:05 of 1st period - Snap shot by Shane Gersich.
2:05 of 1st period - Stopped by Ivan Fedotov with a rebound.
2:17 of 1st period - Snap shot by Joe Labate.
2:17 of 1st period - Stopped by Ilya Konovalov without a rebound.
2:18 of 1st period - Jason Dickinson wins face-off versus Rhett Gardner in Little Stars zone.
2:18 of 1st period - Jason Dickinson is hit by Rhett Gardner.
2:44 of 1st period - Tucker Poolman is hit by Radovan Bondra and loses puck.
3:26 of 1st period - Snap shot by Filip Zadina.
3:26 of 1st period - Shot Blocked by Emile Poirier.
3:28 of 1st period - Slapshot by Casey Staum.
3:28 of 1st period - Goal by Casey Staum - Little Stars : 0 - Islander : 1.
3:29 of 1st period - Jason Dickinson wins face-off versus Rhett Gardner in neutral zone.
3:47 of 1st period - Minor Penalty to Lawrence Pilut for High sticking.
3:48 of 1st period - Daniel O'regan wins face-off versus Rhett Gardner in Little Stars zone.
5:47 of 1st period - Penalty to Lawrence Pilut is over, Lawrence Pilut is back on ice.
5:57 of 1st period - Lawrence Pilut is hit by Alex Steeves.
6:01 of 1st period - Slapshot by Alex Steeves.
6:01 of 1st period - Shot Misses the Net.
6:03 of 1st period - Slapshot by Simon Benoit.
6:03 of 1st period - Deflect By Connor Mackey.
6:03 of 1st period - Stopped by Ilya Konovalov with a rebound.
6:18 of 1st period - Snap shot by Connor Dewar.
6:18 of 1st period - Stopped by Ilya Konovalov with a rebound.
7:14 of 1st period - Snap shot by Shane Gersich.
7:14 of 1st period - Shot Misses the Net.
7:20 of 1st period - Austin Watson is hit by Daniel O'regan and loses puck.
7:27 of 1st period - Ben Thomson is hit by Reece Willcox and loses puck.
7:39 of 1st period - Off-side.
7:40 of 1st period - Filip Chytil wins face-off versus Alex Steeves in neutral zone.
7:54 of 1st period - Wrist shot by Slater Koekkoek.
7:54 of 1st period - Shot Misses the Net.
8:11 of 1st period - Slapshot by Rhett Gardner.
8:11 of 1st period - Shot Blocked by Lawrence Pilut.
8:13 of 1st period - Slapshot by Simon Benoit.
8:13 of 1st period - Stopped by Ilya Konovalov with a rebound.
8:27 of 1st period - Noah Cates is hit by Lawrence Pilut and loses puck.
8:35 of 1st period - Minor Penalty to Lawrence Pilut for Holding.
8:36 of 1st period - Joe Labate wins face-off versus Daniel O'regan in Little Stars zone.
9:02 of 1st period - Samuel Girard is hit by Jaden Lindo and loses puck.
9:35 of 1st period - Jakub Galvas is hit by Emile Poirier.
10:00 of 1st period - Icing by Jaden Lindo.
10:01 of 1st period - Filip Chytil wins face-off versus Joe Labate in Islander zone.
10:06 of 1st period - Snap shot by Emile Poirier.
10:06 of 1st period - Shot Misses the Net.
10:35 of 1st period - Penalty to Lawrence Pilut is over, Lawrence Pilut is back on ice.
10:43 of 1st period - Wrist shot by Jonathan Dahlen.
10:43 of 1st period - Goal by Jonathan Dahlen - Little Stars : 1 - Islander : 1.
10:44 of 1st period - Jason Dickinson wins face-off versus Rhett Gardner in neutral zone.
10:55 of 1st period - Snap shot by Justin Auger.
10:55 of 1st period - Stopped by Ivan Fedotov without a rebound.
10:56 of 1st period - Daniel O'regan wins face-off versus Rhett Gardner in Islander zone.
11:21 of 1st period - Jake Walman is hit by Reece Willcox and loses puck.
11:28 of 1st period - Snap shot by Joe Labate.
11:28 of 1st period - Shot Blocked by Samuel Girard.
11:30 of 1st period - Slapshot by Alexander Yelesin.
11:30 of 1st period - Stopped by Ilya Konovalov without a rebound.
11:31 of 1st period - Rhett Gardner wins face-off versus Daniel O'regan in Little Stars zone.
11:34 of 1st period - Slapshot by Rhett Gardner.
11:34 of 1st period - Shot Misses the Net.
11:36 of 1st period - Wrist shot by Jaden Lindo.
11:36 of 1st period - Islander goal is going for a video replay.
11:36 of 1st period - The goal is good.
11:36 of 1st period - Goal by Jaden Lindo - Little Stars : 1 - Islander : 2.
11:37 of 1st period - Jason Dickinson wins face-off versus Joe Labate in neutral zone.
12:09 of 1st period - Wrist shot by Rhett Gardner.
12:09 of 1st period - Stopped by Ilya Konovalov with a rebound.
12:23 of 1st period - Snap shot by Connor Dewar.
12:23 of 1st period - Shot Hit the Post.
12:34 of 1st period - Jonathan Dahlen is hit by Noah Cates and loses puck.
13:35 of 1st period - Snap shot by Daniel O'regan.
13:35 of 1st period - Stopped by Ivan Fedotov with a rebound.
13:37 of 1st period - Wrist shot by Matt Luff.
13:37 of 1st period - Goal by Matt Luff - Little Stars : 2 - Islander : 2.
13:38 of 1st period - Daniel O'regan wins face-off versus Joe Labate in neutral zone.
14:11 of 1st period - Snap shot by Filip Zadina.
14:11 of 1st period - Stopped by Ilya Konovalov with a rebound.
14:13 of 1st period - Wrist shot by Filip Zadina.
14:13 of 1st period - Shot Misses the Net.
14:15 of 1st period - Snap shot by Rhett Gardner.
14:15 of 1st period - Shot Misses the Net.
14:48 of 1st period - Reece Willcox is hit by Jake Walman and loses puck.
15:01 of 1st period - Samuel Girard is hit by Radovan Bondra and loses puck.
15:15 of 1st period - Minor Penalty to Lawrence Pilut for Cross-checking.
15:16 of 1st period - Daniel O'regan wins face-off versus Joe Labate in Little Stars zone.
15:50 of 1st period - Snap shot by Emile Poirier.
15:50 of 1st period - Shot Misses the Net.
16:10 of 1st period - Daniel O'regan is hit by Ben Thomson and loses puck.
17:15 of 1st period - Penalty to Lawrence Pilut is over, Lawrence Pilut is back on ice.
17:54 of 1st period - Steven Spinner is hit by Jason Dickinson and loses puck.
18:26 of 1st period - Alexander Yelesin is hit by Jonathan Dahlen and loses puck.
18:37 of 1st period - Pavel Koltygin is hit by Daniel O'regan.
19:05 of 1st period - Tucker Poolman is hit by Noah Cates and loses puck.
19:55 of 1st period - Snap shot by Emile Poirier.
19:55 of 1st period - Stopped by Ivan Fedotov without a rebound.
19:56 of 1st period - Jason Dickinson wins face-off versus Alex Steeves in Islander zone.
19:57 of 1st period - Slapshot by Justin Auger.
19:57 of 1st period - Shot Blocked by Jake Walman.
Goals for this period are 2 for Little Stars vs 2 for Islander.
Shots for this period are 7 for Little Stars vs 9 for Islander.
2nd period
0:01 of 2nd period - Joe Labate wins face-off versus Daniel O'regan in neutral zone.
0:25 of 2nd period - Jaden Lindo is hit by Samuel Girard and loses puck.
0:42 of 2nd period - Icing by Reece Willcox.
0:43 of 2nd period - Noah Cates wins face-off versus Jason Dickinson in Little Stars zone.
0:54 of 2nd period - Reece Willcox is hit by Ben Thomson and loses puck.
1:09 of 2nd period - Shane Gersich is hit by Rhett Gardner and loses puck.
1:54 of 2nd period - Ville Pokka is hit by Joe Labate and loses puck.
2:13 of 2nd period - Slapshot by Shane Gersich.
2:13 of 2nd period - Deflect By Matt Luff.
2:13 of 2nd period - Stopped by Ivan Fedotov without a rebound.
2:14 of 2nd period - Rhett Gardner wins face-off versus Daniel O'regan in Islander zone.
2:19 of 2nd period - Connor Mackey is hit by Filip Zadina and loses puck.
2:24 of 2nd period - Snap shot by Rhett Gardner.
2:24 of 2nd period - Shot Misses the Net.
3:13 of 2nd period - Slapshot by Cal Burke.
3:13 of 2nd period - Shot Blocked by Steven Spinner.
3:57 of 2nd period - Snap shot by Rhett Gardner.
3:57 of 2nd period - Goal by Rhett Gardner - Little Stars : 2 - Islander : 3.
3:58 of 2nd period - Daniel O'regan wins face-off versus Joe Labate in neutral zone.
4:33 of 2nd period - Snap shot by Shane Gersich.
4:33 of 2nd period - Goal by Shane Gersich - Little Stars : 3 - Islander : 3.
4:34 of 2nd period - Jason Dickinson wins face-off versus Joe Labate in neutral zone.
4:37 of 2nd period - Snap shot by Justin Auger.
4:37 of 2nd period - Stopped by Ivan Fedotov with a rebound.
4:41 of 2nd period - Wrist shot by Jason Dickinson.
4:41 of 2nd period - Shot Hit the Post.
4:43 of 2nd period - Slapshot by Jason Dickinson.
4:43 of 2nd period - Shot Blocked by Slater Koekkoek.
4:45 of 2nd period - Slapshot by Reece Willcox.
4:45 of 2nd period - Shot Blocked by Jake Walman.
4:49 of 2nd period - Snap shot by Jason Dickinson.
4:49 of 2nd period - Shot Blocked by Slater Koekkoek.
4:59 of 2nd period - Samuel Girard is hit by Jaden Lindo and loses puck.
5:26 of 2nd period - Slapshot by Noah Cates.
5:26 of 2nd period - Stopped by Ilya Konovalov without a rebound.
5:27 of 2nd period - Daniel O'regan wins face-off versus Austin Watson in Little Stars zone.
5:29 of 2nd period - Minor Penalty to Lawrence Pilut for Delaying the game.
5:30 of 2nd period - Joe Labate wins face-off versus Daniel O'regan in Little Stars zone.
6:03 of 2nd period - Snap shot by Rhett Gardner.
6:03 of 2nd period - Shot Misses the Net.
6:51 of 2nd period - Austin Watson is hit by Tucker Poolman.
7:18 of 2nd period - Jake Walman is hit by Emile Poirier and loses puck.
7:29 of 2nd period - Penalty to Lawrence Pilut is over, Lawrence Pilut is back on ice.
7:39 of 2nd period - Slapshot by Radel Fazleev.
7:39 of 2nd period - Shot Blocked by Slater Koekkoek.
7:41 of 2nd period - Slapshot by Connor Mackey.
7:41 of 2nd period - Shot Misses the Net.
7:43 of 2nd period - Slapshot by Connor Mackey.
7:43 of 2nd period - Stopped by Ivan Fedotov without a rebound.
7:44 of 2nd period - Alex Steeves wins face-off versus Filip Chytil in Islander zone.
7:46 of 2nd period - Minor Penalty to Alex Steeves for Holding.
7:47 of 2nd period - Daniel O'regan wins face-off versus Ben Thomson in Islander zone.
7:53 of 2nd period - Wrist shot by Shane Gersich.
7:53 of 2nd period - Stopped by Ivan Fedotov with a rebound.
7:55 of 2nd period - Snap shot by Shane Gersich.
7:55 of 2nd period - Shot Misses the Net.
7:57 of 2nd period - Slapshot by Reece Willcox.
7:57 of 2nd period - Stopped by Ivan Fedotov without a rebound.
7:58 of 2nd period - Daniel O'regan wins face-off versus Joe Labate in Islander zone.
8:05 of 2nd period - Wrist shot by Daniel O'regan.
8:05 of 2nd period - Shot Misses the Net.
8:11 of 2nd period - Slapshot by Daniel O'regan.
8:11 of 2nd period - Shot Misses the Net.
8:13 of 2nd period - Wrist shot by Matt Luff.
8:13 of 2nd period - Shot Blocked by Ben Thomson.
9:17 of 2nd period - Noah Cates is hit by Shane Gersich and loses puck.
9:46 of 2nd period - Penalty to Alex Steeves is over, Alex Steeves is back on ice.
10:24 of 2nd period - Snap shot by Radel Fazleev.
10:24 of 2nd period - Deflect By Aidan Mcdonough.
10:24 of 2nd period - Shot Misses the Net.
10:24 of 2nd period - Puck is out of play.
10:25 of 2nd period - Aidan Mcdonough wins face-off versus Connor Dewar in Islander zone.
10:37 of 2nd period - Alexander Yelesin is hit by Lawrence Pilut and loses puck.
10:58 of 2nd period - Snap shot by Filip Zadina.
10:58 of 2nd period - Shot Misses the Net.
11:00 of 2nd period - Snap shot by Filip Zadina.
11:00 of 2nd period - Shot Blocked by Justin Auger.
11:38 of 2nd period - Wrist shot by Connor Dewar.
11:38 of 2nd period - Shot Misses the Net.
11:40 of 2nd period - Snap shot by Connor Dewar.
11:40 of 2nd period - Deflect By Noah Cates.
11:40 of 2nd period - Stopped by Ilya Konovalov with a rebound.
11:56 of 2nd period - Minor Penalty to Rhett Gardner for Holding.
11:57 of 2nd period - Daniel O'regan wins face-off versus Joe Labate in Islander zone.
12:02 of 2nd period - Wrist shot by Shane Gersich.
12:02 of 2nd period - Stopped by Ivan Fedotov without a rebound.
12:03 of 2nd period - Daniel O'regan wins face-off versus Joe Labate in Islander zone.
13:05 of 2nd period - Snap shot by Connor Dewar.
13:05 of 2nd period - Goal by Connor Dewar - Little Stars : 3 - Islander : 4.
13:06 of 2nd period - Joe Labate wins face-off versus Daniel O'regan in neutral zone.
13:09 of 2nd period - Slapshot by Jake Walman.
13:09 of 2nd period - Shot Misses the Net.
13:15 of 2nd period - Wrist shot by Shane Gersich.
13:15 of 2nd period - Goal by Shane Gersich - Little Stars : 4 - Islander : 4.
13:16 of 2nd period - Austin Watson wins face-off versus Daniel O'regan in neutral zone.
13:31 of 2nd period - Snap shot by Shane Gersich.
13:31 of 2nd period - Shot Misses the Net.
13:47 of 2nd period - Slapshot by Reece Willcox.
13:47 of 2nd period - Stopped by Ivan Fedotov without a rebound.
13:48 of 2nd period - Jason Dickinson wins face-off versus Rhett Gardner in Islander zone.
13:53 of 2nd period - Wrist shot by Jason Dickinson.
13:53 of 2nd period - Shot Misses the Net.
13:55 of 2nd period - Slapshot by Ville Pokka.
13:55 of 2nd period - Stopped by Ivan Fedotov with a rebound.
13:57 of 2nd period - Backhand shot by Justin Auger.
13:57 of 2nd period - Shot Blocked by Filip Zadina.
13:59 of 2nd period - Wrist shot by Justin Auger.
13:59 of 2nd period - Stopped by Ivan Fedotov with a rebound.
14:01 of 2nd period - Slapshot by Ville Pokka.
14:01 of 2nd period - Shot Misses the Net.
14:03 of 2nd period - Slapshot by Tucker Poolman.
14:03 of 2nd period - Shot Blocked by Jaden Lindo.
14:36 of 2nd period - Snap shot by Cal Burke.
14:36 of 2nd period - Stopped by Ivan Fedotov with a rebound.
14:40 of 2nd period - Wrist shot by Cal Burke.
14:40 of 2nd period - Shot Blocked by Jakub Galvas.
14:52 of 2nd period - Wrist shot by Radovan Bondra.
14:52 of 2nd period - Deflect By Aidan Mcdonough.
14:52 of 2nd period - Shot Misses the Net.
14:52 of 2nd period - Puck is out of play.
14:53 of 2nd period - Radel Fazleev wins face-off versus Alex Steeves in Little Stars zone.
15:03 of 2nd period - Off-side.
15:04 of 2nd period - Joe Labate wins face-off versus Daniel O'regan in neutral zone.
15:09 of 2nd period - Slapshot by Ben Thomson.
15:09 of 2nd period - Shot Misses the Net.
15:52 of 2nd period - Wrist shot by Joey Anderson.
15:52 of 2nd period - Shot Misses the Net.
15:54 of 2nd period - Wrist shot by Radel Fazleev.
15:54 of 2nd period - Shot Misses the Net.
16:18 of 2nd period - Snap shot by Ben Thomson.
16:18 of 2nd period - Shot Misses the Net.
16:20 of 2nd period - Snap shot by Ben Thomson.
16:20 of 2nd period - Shot Misses the Net.
16:22 of 2nd period - Slapshot by Slater Koekkoek.
16:22 of 2nd period - Shot Blocked by Lawrence Pilut.
17:12 of 2nd period - Minor Penalty to Alexander Yelesin for Interference.
17:13 of 2nd period - Daniel O'regan wins face-off versus Joe Labate in Islander zone.
17:20 of 2nd period - Slapshot by Shane Gersich.
17:20 of 2nd period - Shot Blocked by Simon Benoit.
17:22 of 2nd period - Wrist shot by Matt Luff.
17:22 of 2nd period - Shot Misses the Net.
17:24 of 2nd period - Snap shot by Samuel Girard.
17:24 of 2nd period - Stopped by Ivan Fedotov with a rebound.
17:26 of 2nd period - Slapshot by Matt Luff.
17:26 of 2nd period - Shot Blocked by Simon Benoit.
17:28 of 2nd period - Slapshot by Reece Willcox.
17:28 of 2nd period - Stopped by Ivan Fedotov with a rebound.
19:12 of 2nd period - Penalty to Alexander Yelesin is over, Alexander Yelesin is back on ice.
19:53 of 2nd period - Radovan Bondra is hit by Jonathan Dahlen and loses puck.
Goals for this period are 2 for Little Stars vs 2 for Islander.
Shots for this period are 14 for Little Stars vs 4 for Islander.
3rd period
0:01 of 3rd period - Daniel O'regan wins face-off versus Joe Labate in neutral zone.
0:04 of 3rd period - Ben Thomson is hit by Matt Luff and loses puck.
0:13 of 3rd period - Snap shot by Shane Gersich.
0:13 of 3rd period - Stopped by Ivan Fedotov with a rebound.
0:15 of 3rd period - Snap shot by Matt Luff.
0:15 of 3rd period - Stopped by Ivan Fedotov with a rebound.
0:43 of 3rd period - Off-side.
0:44 of 3rd period - Connor Dewar wins face-off versus Filip Chytil in neutral zone.
0:47 of 3rd period - Slapshot by Jakub Galvas.
0:47 of 3rd period - Goal by Jakub Galvas - Little Stars : 4 - Islander : 5.
0:48 of 3rd period - Joe Labate wins face-off versus Daniel O'regan in neutral zone.
0:53 of 3rd period - Slapshot by Austin Watson.
0:53 of 3rd period - Shot Misses the Net.
1:13 of 3rd period - Filip Zadina is hit by Justin Auger and loses puck.
1:59 of 3rd period - Snap shot by Daniel O'regan.
1:59 of 3rd period - Goal by Daniel O'regan - Little Stars : 5 - Islander : 5.
2:00 of 3rd period - Daniel O'regan wins face-off versus Joe Labate in neutral zone.
2:29 of 3rd period - Reece Willcox is hit by Filip Zadina and loses puck.
3:03 of 3rd period - Icing by Cal Burke.
3:04 of 3rd period - Daniel O'regan wins face-off versus Alex Steeves in Little Stars zone.
3:51 of 3rd period - Snap shot by Filip Zadina.
3:51 of 3rd period - Shot Blocked by Samuel Girard.
3:53 of 3rd period - Slapshot by Alexander Yelesin.
3:53 of 3rd period - Shot Blocked by Cal Burke.
3:55 of 3rd period - Snap shot by Jaden Lindo.
3:55 of 3rd period - Shot Misses the Net.
4:52 of 3rd period - Icing by Matt Luff.
4:53 of 3rd period - Matt Luff wins face-off versus Joe Labate in Little Stars zone.
4:53 of 3rd period - Matt Luff is hit by Jake Walman.
5:09 of 3rd period - Wrist shot by Ben Thomson.
5:09 of 3rd period - Shot Misses the Net.
5:22 of 3rd period - Snap shot by Filip Zadina.
5:22 of 3rd period - Stopped by Ilya Konovalov without a rebound.
5:23 of 3rd period - Jason Dickinson wins face-off versus Rhett Gardner in Little Stars zone.
5:32 of 3rd period - Slapshot by Samuel Girard.
5:32 of 3rd period - Deflect By Jason Dickinson.
5:32 of 3rd period - Shot Misses the Net.
5:32 of 3rd period - Puck is out of play.
5:33 of 3rd period - Ben Thomson wins face-off versus Daniel O'regan in Islander zone.
6:06 of 3rd period - Snap shot by Rhett Gardner.
6:06 of 3rd period - Stopped by Ilya Konovalov with a rebound.
6:25 of 3rd period - Off-side.
6:26 of 3rd period - Joe Labate wins face-off versus Daniel O'regan in neutral zone.
6:41 of 3rd period - Snap shot by Shane Gersich.
6:41 of 3rd period - Shot Misses the Net.
6:51 of 3rd period - Emile Poirier is hit by Slater Koekkoek and loses puck.
7:02 of 3rd period - Jason Dickinson is hit by Slater Koekkoek and loses puck.
7:17 of 3rd period - Noah Cates is hit by Filip Chytil and loses puck.
8:01 of 3rd period - Slapshot by Jakub Galvas.
8:01 of 3rd period - Shot Blocked by Radel Fazleev.
8:07 of 3rd period - Wrist shot by Austin Watson.
8:07 of 3rd period - Shot Blocked by Aidan Mcdonough.
8:23 of 3rd period - Slapshot by Jonathan Dahlen.
8:23 of 3rd period - Shot Blocked by Jake Walman.
8:25 of 3rd period - Snap shot by Tucker Poolman.
8:25 of 3rd period - Stopped by Ivan Fedotov with a rebound.
8:27 of 3rd period - Wrist shot by Tucker Poolman.
8:27 of 3rd period - Goal by Tucker Poolman - Little Stars : 6 - Islander : 5.
8:28 of 3rd period - Daniel O'regan wins face-off versus Joe Labate in neutral zone.
8:58 of 3rd period - Slapshot by Samuel Girard.
8:58 of 3rd period - Stopped by Ivan Fedotov without a rebound.
8:59 of 3rd period - Jason Dickinson wins face-off versus Rhett Gardner in Islander zone.
9:37 of 3rd period - Slapshot by Daniel O'regan.
9:37 of 3rd period - Stopped by Ivan Fedotov with a rebound.
9:49 of 3rd period - Cal Burke is hit by Alex Steeves and loses puck.
10:16 of 3rd period - Slapshot by Radel Fazleev.
10:16 of 3rd period - Stopped by Ivan Fedotov without a rebound.
10:17 of 3rd period - Daniel O'regan wins face-off versus Joe Labate in Islander zone.
10:22 of 3rd period - Snap shot by Shane Gersich.
10:22 of 3rd period - Deflect By Daniel O'regan.
10:22 of 3rd period - Stopped by Ivan Fedotov without a rebound.
10:23 of 3rd period - Joe Labate wins face-off versus Daniel O'regan in Islander zone.
10:53 of 3rd period - Wrist shot by Filip Zadina.
10:53 of 3rd period - Stopped by Ilya Konovalov without a rebound.
10:54 of 3rd period - Jason Dickinson wins face-off versus Rhett Gardner in Little Stars zone.
11:14 of 3rd period - Wrist shot by Slater Koekkoek.
11:14 of 3rd period - Shot Misses the Net.
11:16 of 3rd period - Backhand shot by Rhett Gardner.
11:16 of 3rd period - Stopped by Ilya Konovalov with a rebound.
11:20 of 3rd period - Snap shot by Filip Zadina.
11:20 of 3rd period - Deflect By Jaden Lindo.
11:20 of 3rd period - Stopped by Ilya Konovalov without a rebound.
11:21 of 3rd period - Daniel O'regan wins face-off versus Joe Labate in Little Stars zone.
11:44 of 3rd period - Wrist shot by Daniel O'regan.
11:44 of 3rd period - Shot Misses the Net.
12:10 of 3rd period - Austin Watson is hit by Shane Gersich.
12:32 of 3rd period - Snap shot by Shane Gersich.
12:32 of 3rd period - Stopped by Ivan Fedotov with a rebound.
12:38 of 3rd period - Simon Benoit is hit by Samuel Girard.
12:48 of 3rd period - Snap shot by Ben Thomson.
12:48 of 3rd period - Stopped by Ilya Konovalov with a rebound.
12:50 of 3rd period - Snap shot by Austin Watson.
12:50 of 3rd period - Stopped by Ilya Konovalov without a rebound.
12:51 of 3rd period - Jason Dickinson wins face-off versus Rhett Gardner in Little Stars zone.
12:51 of 3rd period - Jason Dickinson is hit by Jaden Lindo.
13:16 of 3rd period - Steven Spinner is hit by Filip Chytil and loses puck.
13:27 of 3rd period - Wrist shot by Jonathan Dahlen.
13:27 of 3rd period - Stopped by Ivan Fedotov with a rebound.
13:39 of 3rd period - Wrist shot by Radel Fazleev.
13:39 of 3rd period - Deflect By Aidan Mcdonough.
13:39 of 3rd period - Stopped by Ivan Fedotov with a rebound.
13:49 of 3rd period - Snap shot by Alex Steeves.
13:49 of 3rd period - Stopped by Ilya Konovalov without a rebound.
13:50 of 3rd period - Jason Dickinson wins face-off versus Rhett Gardner in Little Stars zone.
13:58 of 3rd period - Minor Penalty to Jason Dickinson for Interference.
13:59 of 3rd period - Daniel O'regan wins face-off versus Rhett Gardner in Little Stars zone.
14:13 of 3rd period - Snap shot by Filip Zadina.
14:13 of 3rd period - Shot Misses the Net.
14:15 of 3rd period - Snap shot by Jaden Lindo.
14:15 of 3rd period - Shot Blocked by Samuel Girard.
14:21 of 3rd period - Minor Penalty to Reece Willcox for Tripping.
14:22 of 3rd period - Joe Labate wins face-off versus Daniel O'regan in Little Stars zone.
14:25 of 3rd period - Snap shot by Austin Watson.
14:25 of 3rd period - Shot Blocked by Daniel O'regan.
14:27 of 3rd period - Slapshot by Slater Koekkoek.
14:27 of 3rd period - Stopped by Ilya Konovalov without a rebound.
14:28 of 3rd period - Daniel O'regan wins face-off versus Joe Labate in Little Stars zone.
15:27 of 3rd period - Icing by Jaden Lindo.
15:28 of 3rd period - Emile Poirier wins face-off versus Rhett Gardner in Islander zone.
15:29 of 3rd period - Slapshot by Ville Pokka.
15:29 of 3rd period - Stopped by Ivan Fedotov with a rebound.
15:31 of 3rd period - Slapshot by Ville Pokka.
15:31 of 3rd period - Shot Misses the Net.
15:33 of 3rd period - Slapshot by Ville Pokka.
15:33 of 3rd period - Stopped by Ivan Fedotov without a rebound.
15:34 of 3rd period - Daniel O'regan wins face-off versus Joe Labate in Islander zone.
15:41 of 3rd period - Wrist shot by Joe Labate.
15:41 of 3rd period - Shot Misses the Net.
15:43 of 3rd period - Slapshot by Jake Walman.
15:43 of 3rd period - Stopped by Ilya Konovalov with a rebound.
15:45 of 3rd period - Snap shot by Slater Koekkoek.
15:45 of 3rd period - Stopped by Ilya Konovalov with a rebound.
15:58 of 3rd period - Penalty to Jason Dickinson is over, Jason Dickinson is back on ice.
16:09 of 3rd period - Slapshot by Filip Zadina.
16:09 of 3rd period - Shot Misses the Net.
16:11 of 3rd period - Slapshot by Slater Koekkoek.
16:11 of 3rd period - Deflect By Jason Dickinson.
16:11 of 3rd period - Stopped by Ilya Konovalov with a rebound.
16:13 of 3rd period - Snap shot by Rhett Gardner.
16:13 of 3rd period - Stopped by Ilya Konovalov without a rebound.
16:14 of 3rd period - Austin Watson wins face-off versus Daniel O'regan in Little Stars zone.
16:21 of 3rd period - Penalty to Reece Willcox is over, Reece Willcox is back on ice.
16:25 of 3rd period - Snap shot by Joe Labate.
16:25 of 3rd period - Shot Misses the Net.
16:27 of 3rd period - Slapshot by Alexander Yelesin.
16:27 of 3rd period - Stopped by Ilya Konovalov without a rebound.
16:28 of 3rd period - Connor Dewar wins face-off versus Filip Chytil in Little Stars zone.
16:55 of 3rd period - Emile Poirier is hit by Joe Labate and loses puck.
17:13 of 3rd period - Off-side.
17:14 of 3rd period - Radel Fazleev wins face-off versus Rhett Gardner in neutral zone.
17:19 of 3rd period - Aidan Mcdonough is hit by Jaden Lindo and loses puck.
17:58 of 3rd period - Slapshot by Tucker Poolman.
17:58 of 3rd period - Stopped by Ivan Fedotov with a rebound.
18:06 of 3rd period - Wrist shot by Radel Fazleev.
18:06 of 3rd period - Stopped by Ivan Fedotov with a rebound.
18:20 of 3rd period - Slapshot by Aidan Mcdonough.
18:20 of 3rd period - Shot Misses the Net.
19:09 of 3rd period - Wrist shot by Shane Gersich.
19:09 of 3rd period - Stopped by Ivan Fedotov with a rebound.
19:22 of 3rd period - Ben Thomson is hit by Matt Luff and loses puck.
19:45 of 3rd period - Islander, Ivan Fedotov is pulled from the net.
19:57 of 3rd period - Wrist shot by Joe Labate.
19:57 of 3rd period - Stopped by Ilya Konovalov without a rebound.
19:58 of 3rd period - André Tourigny call a timeout for Islander.
19:58 of 3rd period - Joe Labate wins face-off versus Daniel O'regan in Little Stars zone.
Goals for this period are 2 for Little Stars vs 1 for Islander.
Shots for this period are 17 for Little Stars vs 16 for Islander.
Output by the SimonT Hockey Simulator (STHS) for Francois Prevost